Map: Catalyseur EC

Players

HoldTheDoor - Winner!

  • Race: Protoss Protoss
  • League: Diamond
  • Spawn Location: 5:00

Zynetics

  • Race: Protoss Protoss
  • League: Diamond
  • Spawn Location: 11:00

VOD

Have the link to the VOD?

Description

Time

  • Played on: July 15, 2018, 1:14 p.m.
  • Length: 10:46
Show
View Real Time Build Order
Export as new Build Order

HoldTheDoor Protoss - Winner!

Build Orders: Cannon Rush 

Get SALT Encoding   

  12  0:01  Probe  
  13  0:13  Probe  
  14  0:19  Pylon  
  14  0:25  Probe  
  15  0:37  Forge, Probe  
  16  0:45  Probe  
  17  0:55  Probe, Pylon  
  18  1:07  Probe  
  19  1:16  Photon Cannon  
  19  1:33  Pylon  
  19  1:37  Pylon  
  19  1:45  Pylon  
  19  1:52  Photon Cannon  
  19  1:55  Photon Cannon  
  19  2:03  Photon Cannon  
  19  2:06  Pylon  
  19  2:13  Photon Cannon  
  19  2:17  Pylon  
  19  2:22  Photon Cannon  
  19  2:37  Photon Cannon  
  19  2:41  Photon Cannon  
  19  3:10  Photon Cannon, Pylon  
  19  3:14  Photon Cannon  
  19  3:23  Pylon  
  19  3:26  Gateway  
  19  3:30  Assimilator  
  19  3:40  Pylon  
  19  3:46  Photon Cannon  
  19  4:02  Probe  
  20  4:04  Assimilator  
  20  4:08  Pylon  
  20  4:15  Probe  
  20  4:16  Cybernetics Core  
  21  4:28  Pylon x2  
  21  4:41  Pylon  
  21  4:50  Pylon  
  21  4:59  Stalker  
  22  5:02  Probe  
  23  5:25  Warp Gate  
  23  5:32  Gateway  
  23  5:33  Twilight Council  
  22  5:39  Stalker  
  22  5:44  Probe  
  22  5:48  Pylon  
  25  5:57  Gateway  
  25  6:05  Stalker  
  25  6:10  Probe  
  28  6:22  Probe  
  29  6:31  Stalker, Charge  
  31  6:53  Pylon  
  31  7:01  Protoss Ground Weapons Level 1  
  31  7:04  Stargate  
  31  7:11  Pylon  
  31  7:18  Shield Battery  
  31  7:30  Pylon  
  31  7:31  Zealot x3  
  37  7:47  Oracle  
  40  7:57  Probe  
  39  8:13  Stalker  
  36  8:23  Stalker x2  
  39  8:42  Stalker  
  39  8:46  Stalker  
  39  8:47  Stalker  
  45  9:10  Stalker x3  
  51  9:47  Stalker  
  51  9:48  Stalker x2  
  54  10:17  Pylon  
  54  10:20  Pylon  
Show
View Real Time Build Order
Export as new Build Order

Zynetics Protoss 

Build Orders:  

Get SALT Encoding   

  12  0:00  Probe  
  13  0:12  Probe  
  14  0:20  Pylon  
  14  0:25  Probe  
  15  0:38  Probe  
  15  0:39  Gateway  
  16  0:47  Assimilator  
  16  0:53  Probe  
  17  1:05  Probe  
  18  1:12  Assimilator  
  18  1:17  Probe  
  19  1:18  Gateway  
  19  1:29  Cybernetics Core  
  19  1:58  Zealot  
  20  2:01  Stalker  
  20  2:05  Pylon  
  22  2:19  Adept  
  24  2:48  Nexus  
  24  2:52  Pylon  
  23  4:12  Gateway  
  23  4:13  Gateway  
  23  4:16  Gateway  
  23  4:18  Gateway  
  23  4:20  Gateway  
  23  4:23  Cybernetics Core  
  23  4:25  Pylon  
  23  4:33  Probe  
  22  4:45  Probe  
  23  4:52  Warp Gate  
  23  5:00  Stalker x2  
  27  5:09  Zealot x2  
  31  5:34  Assimilator  
  31  5:49  Assimilator  
  31  6:15  Forge  
  31  6:17  Pylon  
  29  6:58  Probe  
  29  7:00  Photon Cannon  
  30  7:06  Stalker x4  
  38  7:10  Probe  
  38  7:11  Pylon  
  39  7:29  Probe  
  40  7:30  Robotics Facility  
  40  7:34  Protoss Ground Weapons Level 1  
  40  7:49  Stalker x2  
  42  8:31  Warp Prism  
  42  8:34  Stalker  
  46  8:41  Pylon  
  44  9:04  Stalker  
  44  9:05  Stalker x3  
  49  9:34  Stalker x3  
  49  9:54  Stalker  
  49  9:55  Zealot  
  53  10:11  Probe  
  54  10:23  Probe  
Tags
 
Matchup
PvP
Spawn Locations
Cross Positions
Add a new tag
Caveats
  • Supply blocks, unpowered buildings, or Contaminate may cause inaccurate times.
  • Supply counts are checked every 10 seconds.